 Dungeon Crawl Stone Soup version 0.31-a0-424-g41b3b0883d (webtiles) character file.

Game seed: 15970458805571540777

257 Ethylacetat the Ruffian (level 6, -2/41 HPs)
             Began as an Octopode Shapeshifter on July 30, 2023.
             Slain by Morbidden's ghost (8 damage)
             ... on level 4 of the Dungeon.
             The game lasted 00:07:35 (2452 turns).

Ethylacetat the Ruffian (Octopode Shapeshifter)     Turns: 2452, Time: 00:07:35

Health: -2/41      AC:  1    Str: 17    XL:     6   Next: 16%
Magic:  6/6        EV: 14    Int: 10    God:
Gold:   239        SH:  5    Dex: 14    Spells: 5/5 levels left

rFire   . . .        p - +8 rapier "Tiebaxo" {freeze, Str+2}
rCold   . . .        (no shield)
rNeg    . . .        (helmet currently unavailable)
rPois   .            d - amulet of reflection
rElec   .            (no ring)
rCorr   .            (no ring)
SInv    .            (no ring)
Will    .....        (no ring)
Stlth   ++           (no ring)
HPRegen 0.26/turn    (no ring)
MPRegen 0.10/turn    (no ring)
                     (no ring)

%: reflection
@: beast-form
A: beast (slay +2), almost no armour, amphibious, 8 rings, camouflage 1,
gelatinous body 1, (nimble swimmer 1), tentacles
a: Begin Untransformation


You were on level 4 of the Dungeon.
You were a hulking beast.
You visited 1 branch of the dungeon, and saw 4 of its levels.

You collected 239 gold pieces.

Inventory:

Hand Weapons
 p - the +8 rapier "Tiebaxo" (weapon) {freeze, Str+2}
   (You found it on level 2 of the Dungeon)

   Str:       It affects your strength (+2).
Jewellery
 d - an amulet of reflection (around mantle)
 u - a ring of poison resistance
Talismans
 b - a beast talisman (active)
 t - a maw talisman
Scrolls
 a - a scroll of revelation {unknown}
 c - 2 scrolls of fear {unknown}
 f - 2 scrolls of identify {unknown}
 h - a scroll of fog {unknown}
 k - a scroll of amnesia {unknown}
 n - a scroll of teleportation {unknown}
Potions
 e - a potion of ambrosia
 g - 2 potions of haste
 i - 2 potions of resistance {unknown}
 j - a potion of might {unknown}
 l - a potion of mutation {unknown}
 m - a potion of enlightenment {unknown}
 o - a potion of lignification
 q - a potion of invisibility {unknown}
 r - a potion of brilliance {unknown}
 s - a potion of attraction {unknown}


   Skills:
 + Level 2.8 Fighting
 + Level 1.3 Short Blades
 + Level 3.3 Dodging
 + Level 4.0 Unarmed Combat
 * Level 3.9 Shapeshifting


You had 5 spell levels left.
You didn't know any spells.
Your spell library contained the following spells:

 Spells                   Type           Power      Damage    Failure   Level
 Apportation              Tloc           0%         N/A       36%         1
 Necrotise                Necr           0%         1d4       36%         1
 Summon Small Mammal      Summ           0%         N/A       36%         1
 Blink                    Tloc           0%         N/A       50%         2
 Ensorcelled Hibernation  Hex/Ice        0%         N/A       50%         2
 Lesser Beckoning         Tloc           0%         N/A       50%         2
 Momentum Strike          Conj/Tloc      0%         3d8       50%         2
 Passwall                 Tmut/Erth      0%         N/A       50%         2
 Frozen Ramparts          Ice            0%         1d1       75%         3
 Gell's Gravitas          Tloc           0%         N/A       75%         3
 Swiftness                Air            0%         N/A       75%         3
 Teleport Other           Tloc           0%         N/A       75%         3
 Vhi's Electric Charge    Tloc/Air       0%         N/A       75%         3
 Leda's Liquefaction      Hex/Erth       0%         N/A       98%         4
 Petrify                  Tmut/Erth      0%         N/A       98%         4
 Arcjolt                  Conj/Air       0%         1d10      100%        5
 Lee's Rapid Deconstruct  Erth           0%         3d4*      100%        5
 Metabolic Englaciation   Hex/Ice        0%         N/A       100%        5
 Dispersal                Tloc           0%         N/A       100%        6
 Leda's Unmaking          Conj/Erth      0%         9d1       100%        6
 Maxwell's Capacitive Co  Air            0%         ∞         100%        8


Dungeon Overview and Level Annotations

Branches:
Dungeon (4/15)
 Temple: D:4-7

Altars:

Annotations:
D:4 Morbidden's ghost, novice FoHu


Innate Abilities, Weirdness & Mutations

You are a hulking beast.
Your limbs bulge with bestial killing power. (Slay +2)
You cannot wear most types of armour.
You are amphibious.
You can wear up to eight rings at the same time.
Your skin changes colour to match your surroundings (Stealth+).
Your rubbery body absorbs attacks. (AC +1, EV +1)
((You are camouflaged when in or above water. (Stealth+)))
You have tentacles for arms and can constrict up to eight enemies at once.


Message History

Some shallow water.
The ball python hisses angrily.
You hit the ball python. You freeze the ball python.
You kill the ball python!
No reachable target in view!
As you open the door, it creaks loudly!
You puncture the adder!
The adder seems to slow down.
You freeze the adder.
You kill the adder!
The adder misses you.
You hit the adder. You freeze the adder. Your grab misses the adder.
The adder is moderately wounded.
The adder closely misses you.
You barely miss the adder. You grab the adder.
The adder is moderately wounded.
You constrict the adder. You block the adder's attack.
The adder closely misses you.
You barely miss the adder.
The adder is heavily wounded.
You constrict the adder. The adder barely misses you.
You hit the adder.
The adder seems to slow down.
You freeze the adder.
You kill the adder!
You hit Morbidden's ghost but do no damage.
Morbidden's ghost barely misses you.
You completely miss Morbidden's ghost. Morbidden's ghost hits you.
You hit Morbidden's ghost but do no damage.
Morbidden's ghost hits you!
You hit Morbidden's ghost but do no damage.
Morbidden's ghost hits you.
You completely miss Morbidden's ghost. You squeeze Morbidden's ghost!
Morbidden's ghost is lightly damaged.
Morbidden's ghost hits you! x2
* * * LOW HITPOINT WARNING * * *
You hit Morbidden's ghost but do no damage.
You squeeze Morbidden's ghost, but do no damage.
Morbidden's ghost is lightly damaged.
Morbidden's ghost hits you.
* * * LOW HITPOINT WARNING * * *
Morbidden's ghost attacks as you move away!
Morbidden's ghost hits you!
You die...

### #.. #~ #.# #$
#.# #~ ##.#
.####~######..###
....#~#........<#
###~#h####.####
#.#'#W.# #.#
#..S...###.#
###.....#...#
#.....##..###...
#.#.#.........#
#...#.>######....
#####.)# ## ....#


You could see Morbidden's ghost and an adder.

Vanquished Creatures
  An orc priest (D:3)
  2 orc wizards (D:3)
  3 gnolls
  7 adders
  4 worms
  3 dart slugs
  6 orcs
  7 ball pythons
  6 bats
  5 endoplasms
  2 giant cockroaches (D:1)
  6 goblins
  4 hobgoblins
  4 jackals
  2 quokkas (D:2)
  A frilled lizard (D:3)
  4 kobolds
  2 rats (D:2)
69 creatures vanquished.

Notes
Turn   | Place    | Note
-------+----------+-------------------------------------------
     0 | D:1      | Ethylacetat the Octopode Shapeshifter began the quest for
                  | the Orb.
     0 | D:1      | Reached XP level 1. HP: 13/13 MP: 1/1
   126 | D:1      | Reached XP level 2. HP: 11/18 MP: 2/2
   464 | D:1      | Found a faded altar of an unknown god.
   464 | D:1      | Noticed a golden eye
   467 | D:1      | Noticed a floating eye
   467 | D:1      | Noticed an eye of devastation
   467 | D:1      | Noticed a shining eye
   792 | D:2      | Reached XP level 3. HP: 23/23 MP: 3/3
  1123 | D:2      | Reached XP level 4. HP: 29/29 MP: 4/4
  1305 | D:2      | HP: 2/43 [orc/+0 hand axe of freezing (1)]
  1455 | D:2      | Identified the +8 rapier "Tiebaxo" {freeze, Str+2}
  1728 | D:3      | Reached XP level 5. HP: 35/35 MP: 5/5
  1867 | D:3      | Reached skill level 1 in Short Blades
  1878 | D:3      | Reached skill level 4 in Unarmed Combat
  2237 | D:3      | Reached XP level 6. HP: 41/41 MP: 6/6
  2428 | D:4      | Found a runed translucent door.
  2434 | D:4      | Noticed Morbidden's ghost (novice FoHu)
  2452 | D:4      | Slain by Morbidden's ghost

Illustrated notes

Levels and vault maps discovered:
D:1:      dpeg_arrival_refuge, layout_loops_cross,
          hellmonk_ecumenical_altar_watching_god, dreamdust_princess_corridor,
          minmay_pentomino_p2
D:2:      layout_rooms
D:3:      layout_basic, grunt_ministairs_9, minivault_24
D:4:      layout_basic, mainiacjoe_overflow_six_doors_small,
          ebering_ghost_sewer_d, uniq_menkaure, uniq_pikel

Skill      XL: |  1  2  3  4  5 |
---------------+----------------+-----
Fighting       | 2 |  2.8
Dodging        | 3 |  3.3
Short Blades   | 1 |  1.3
Unarmed Combat | 4 |  4.0
Shapeshifting  | |  3.9

Action                     |  1- 3 |  4- 6 || total
---------------------------+-------+-------++-------
  Melee: Unarmed           |    71 |    40 ||   111
         Constrict         |    15 |    13 ||    28
         Tentacles         |     6 |    10 ||    16
         Punch             |     1 |     2 ||     3
         Rapier            |       |    40 ||    40
    Use: Potion            |       |     3 ||     3
   Stab: Sleeping          |     5 |     2 ||     7
         Distracted        |       |     1 ||     1
 Armour: Skin              |     8 |    36 ||    44
  Dodge: Dodged            |    39 |    34 ||    73
  Block: Other             |    11 |    14 ||    25

Table legend: (Time is in decaauts)
 A = Elapsed time spent in this place.
 B = Non-inter-level travel time spent in this place.
 C = Inter-level travel time spent in this place.
 D = Time resting spent in this place.
 E = Time spent auto-exploring this place.
 F = Levels seen in this place.
 G = Mean time per level.
                   A        B        C        D        E       F      G
               +--------+--------+--------+--------+--------+-----+--------+
         Total |   2435 |   2351 |     84 |    202 |   1674 |   4 |  608.8 |
       Dungeon |   2435 |   2351 |     84 |    202 |   1674 |   4 |  608.8 |
               +--------+--------+--------+--------+--------+-----+--------+

Top non-repeatable levels by time:
     D:1: 918 daAuts
     D:3: 862 daAuts
     D:2: 618 daAuts
     D:4: 36 daAuts
